Match 39714159
Unlisted

Match 39714159
End
Selects Armored Battlegroup
Selects Assault Engineers
Assault Engineer Squad
Assault Engineer Squad
Assault Engineer Squad
Assault Engineer Squad
Air Support Center
Construct Weapon Support Center
P-47 Strafing Run
Grasshopper Recon Run
Construct Tank Depot
P-47 Strafing Run
Selects Fast Deploy
Selects Seek and Destroy
Selects UNKNOWN (2160077)
Grasshopper Recon Run
M4A3E8 Sherman Easy Eight
P-47 Dive Bomb
Grasshopper Recon Run
Assault Engineer Squad
M4A3E8 Sherman Easy Eight
Selects M31 Recovery Vehicle
Grasshopper Recon Run
M4A3E8 Sherman Easy Eight
M4A3E8 Sherman Easy Eight
Selects War Machine
Grasshopper Recon Run
M4A3E8 Sherman Easy Eight
Mael Radec
Rosiema
Jimbobloft
Ærfreija
AstonHodge Butt Butt
lehn19811981
vtomi92
theBruhJM
0
0

Comments sign in to comment!

No comments posted yet!